 Dungeon Crawl Stone Soup version 0.30-a0-840-ga523dec638 (webtiles) character file.

Game seed: 4691339891060145911

564 demibob the Twirler (level 7, 0/50 HPs)
             Began as a Demonspawn Gladiator on Mar 2, 2023.
             Succumbed to an adder's poison
             ... on level 5 of the Dungeon.
             The game lasted 00:03:47 (3329 turns).

demibob the Twirler (Demonspawn Gladiator)          Turns: 3329, Time: 00:03:47

Health: 0/50       AC:  3    Str: 13 (14) XL:     7   Next: 10%
Magic:  7/7        EV: 12    Int: 10 (12) God:
Gold:   186        SH:  0    Dex: 13 (14) Spells: 6/6 levels left

rFire   . . .      SeeInvis +    a - +0 quarterstaff
rCold   . . .      Faith    .    (shield currently unavailable)
rNeg    . . .      Spirit   .    b - +0 leather armour
rPois   .          Reflect  .    (helmet restricted)
rElec   .          Harm     .    (no cloak)
rCorr   .          Rampage  .    (no gloves)
Will    .....                    (no boots)
Stlth   +                        (no amulet)
HPRegen 0.28/turn                v - ring of see invisible
MPRegen 0.10/turn                (no ring)

@: mighty, lethally poisoned (0 -> -2)
A: horns 1, spiny 1, demonic magic 1
a: no special abilities


You were on level 5 of the Dungeon.
You visited 1 branch of the dungeon, and saw 5 of its levels.

You collected 186 gold pieces.


Innate Abilities, Weirdness & Mutations

You have a pair of small horns on your head.
You are partially covered in sharp spines.
Spells you cast may paralyse adjacent enemies.


   Skills:
 - Level 2.0 Fighting
 + Level 7.5 Staves
 - Level 1.7 Throwing
 - Level 2.6 Dodging


You had 6 spell levels left.
You didn't know any spells.
Your spell library contained the following spells:

 Spells                   Type           Power      Damage    Failure   Level
 Cigotuvi's Dreadful Rot  Necr/Pois/Air  0%         N/A       58%         2
 Dazzling Flash           Conj/Hex       0%         N/A       82%         3
 Kindle Blastsparks       Fire/Tloc/Air  0%         2d10      82%         3
 Dispel Undead            Necr           0%         3d6       99%         4
 Fulminant Prism          Conj/Hex       0%         3d5       99%         4
 Iskenderun's Mystic Bla  Conj/Tloc      0%         2d3       99%         4
 Agony                    Necr           0%         N/A       100%        5
 Lee's Rapid Deconstruct  Erth           0%         3d4*      100%        5
 Silence                  Hex/Air        0%         N/A       100%        5
 Death Channel            Necr           0%         N/A       100%        6

Inventory:

Hand Weapons
 a - a +0 quarterstaff (weapon)
Missiles
 d - 4 throwing nets (quivered) {=f}
 e - 6 javelins
Armour
 b - a +0 leather armour (worn)
Jewellery
 i - an amulet of magic regeneration
 t - an amulet of regeneration
 v - a ring of see invisible (left hand)
Wands
 k - a wand of paralysis (8)
 s - a wand of iceblast (9)
Scrolls
 c - a scroll of noise {unknown}
 f - 2 scrolls of enchant weapon {unknown}
 g - 2 scrolls of enchant armour
 j - a scroll of magic mapping {unknown}
 m - 4 scrolls of identify {@r1}
 n - a scroll of vulnerability {unknown}
 p - 3 scrolls of teleportation {unknown}
 q - a scroll of torment {unknown}
 r - a scroll of fear {unknown}
Potions
 h - 2 potions of resistance

Dungeon Overview and Level Annotations

Branches:
Dungeon (5/15)
 Temple: D:4-7

Altars:
Qazlal
Ru

# #.##.##.#...#.#
# #.# ..#.... ..#
# #.. ....#$.
#.### # #.#
.......##...# #
.#.........†# #
......#.##..# # #
#........#..###.##
#
...#.......)...g.#
.....#...#@#.###..
...#.##.##...# #.
#........## .
..#......# #
########


You could see a gnoll.


Message History

You kill the iguana!
The gnoll sergeant hits you from afar with a +0 spear!
* * * LOW HITPOINT WARNING * * *
You feel better. The adder bites you.
* * * LOW HITPOINT WARNING * * *
The gnoll sergeant misses you.
You are too injured to fight recklessly!
You sock the adder!
The adder is almost dead.
The adder bites you.
* * * LOW HITPOINT WARNING * * *
You are poisoned.
The adder poisons you! The gnoll sergeant misses you.
The adder is struck by your spines.
You kill the adder!
You feel sick.
A gnoll comes into view. It is wielding a +0 flail.
The gnoll sergeant hits you with a +0 spear.
* * * LOW HITPOINT WARNING * * *
You see here an adder corpse.
You sock the gnoll sergeant! You headbutt the gnoll sergeant!
The gnoll sergeant is severely wounded.
You feel sick.
The gnoll sergeant is struck by your spines.
The gnoll sergeant hits you with a +0 spear.
* * * LOW HITPOINT WARNING * * *
Unknown command.
You bludgeon the gnoll sergeant!!
You kill the gnoll sergeant!
You die...

Skill      XL: |  1  2  3  4  5  6 |
---------------+-------------------+-----
Staves         | 3 4 5 6 7 |  7.5
Fighting       | |  2.0
Throwing       | |  1.7
Dodging        | |  2.6

Action                     |  1- 3 |  4- 6 |  7- 9 || total
---------------------------+-------+-------+-------++-------
  Melee: Quarterstaff      |    64 |   101 |     7 ||   172
         Headbutt          |       |     6 |     1 ||     7
  Evoke: Wand              |       |     1 |       ||     1
    Use: Scroll            |     4 |       |       ||     4
         Potion            |       |       |     4 ||     4
   Stab: Sleeping          |     4 |     2 |       ||     6
         Paralysed         |       |     5 |       ||     5
 Armour: Leather armour    |    13 |    24 |       ||    37
  Dodge: Dodged            |    33 |    51 |     6 ||    90

Levels and vault maps discovered:
D:1:      mainiacjoe_arrival_reflecting_pool, layout_loops_ring,
          bh_walls_and_bars
D:2:      layout_loops_ring, uniq_jessica
D:3:      layout_loops_cross, grunt_qazlal_clouds,
          mainiacjoe_overflow_cross_hatched,
          shapermc_ecumenical_altar_notcrosses
D:4:      layout_cave_pools
D:5:      layout_rooms, nicolae_overflow_hidden_temple, minivault_19,
          serial_bayou_pond_e, hangedman_decor_clover_reticule,
          minmay_crystal_room

Notes
Turn   | Place    | Note
-------+----------+-------------------------------------------
     0 | D:1      | demibob the Demonspawn Gladiator began the quest for the
                  | Orb.
     0 | D:1      | Reached XP level 1. HP: 16/16 MP: 1/1
   125 | D:1      | Reached skill level 3 in Staves
   159 | D:1      | Gained mutation: Spells you cast may paralyse adjacent
                  | enemies. [demonic ancestry]
   159 | D:1      | Reached XP level 2. HP: 22/22 MP: 2/2
   830 | D:1      | Identified a potion of resistance
   883 | D:2      | Gained mutation: You are partially covered in sharp spines.
                  | [demonic ancestry]
   883 | D:2      | Reached XP level 3. HP: 27/27 MP: 3/3
   920 | D:2      | Reached skill level 4 in Staves
   996 | D:2      | Noticed Jessica
  1006 | D:2      | Killed Jessica
  1106 | D:2      | Reached XP level 4. HP: 28/33 MP: 4/4
  1961 | D:3      | Found a stormy altar of Qazlal.
  1986 | D:3      | Reached skill level 5 in Staves
  2040 | D:3      | Found a faded altar of an unknown god.
  2185 | D:3      | Found a sacrificial altar of Ru.
  2532 | D:4      | Gained mutation: You have a pair of small horns on your
                  | head. [demonic ancestry]
  2532 | D:4      | Reached XP level 5. HP: 38/38 MP: 5/5
  2731 | D:4      | You fall into a shaft and drop 1 floor!
  2731 | D:5      | Entered Level 5 of the Dungeon
  2733 | D:5      | Noticed a water moccasin
  2740 | D:5      | Killed a water moccasin
  2741 | D:5      | Reached skill level 6 in Staves
  2766 | D:5      | Noticed an ice beast
  2776 | D:5      | Killed an ice beast
  2777 | D:5      | Reached XP level 6. HP: 32/44 MP: 6/6
  3147 | D:5      | Reached skill level 7 in Staves
  3147 | D:5      | Reached XP level 7. HP: 21/50 MP: 7/7
  3328 | D:5      | HP: 1/50 [gnoll sergeant/+0 spear (6)]
  3329 | D:5      | Succumbed to an adder's poison

Vanquished Creatures
  A water moccasin (D:5)
  A black bear (D:5)
  An ice beast (D:5)
  A phantom (D:5)
  A gnoll sergeant (D:5)
  An iguana (D:5)
  Jessica (D:2)
  6 adders
  An ufetubus (D:4)
  4 worms
  4 dart slugs
  7 endoplasms
  3 giant cockroaches
  7 goblins
  5 hobgoblins
  7 jackals
  4 kobolds
  4 quokkas
  6 ball pythons
  2 bats
  3 frilled lizards
  2 rats
72 creatures vanquished.

Vanquished Creatures (others)
  A plant (D:5)
1 creature vanquished.

Grand Total: 73 creatures vanquished

Table legend: (Time is in decaauts)
 A = Elapsed time spent in this place.
 B = Non-inter-level travel time spent in this place.
 C = Inter-level travel time spent in this place.
 D = Time resting spent in this place.
 E = Time spent auto-exploring this place.
 F = Levels seen in this place.
 G = Mean time per level.
                   A        B        C        D        E       F      G
               +--------+--------+--------+--------+--------+-----+--------+
         Total |   3344 |   3215 |    129 |    152 |   2574 |   5 |  668.8 |
       Dungeon |   3344 |   3215 |    129 |    152 |   2574 |   5 |  668.8 |
               +--------+--------+--------+--------+--------+-----+--------+

Top non-repeatable levels by time:
     D:1: 868 daAuts
     D:3: 766 daAuts
     D:2: 734 daAuts
     D:4: 522 daAuts
     D:5: 452 daAuts

Table legend:
 A = Non-vault XP
 B = Vault XP
 C = Vault XP percentage of total XP
 D = Non-vault monster count
 E = Vault monster count
 F = Vault count percentage of total count
                 A         B        C        D         E       F
            +---------+---------+-------+---------+---------+-------
      Total |     853 |      37 |   4.2 |      71 |       1 |   1.4
            +---------+---------+-------+---------+---------+-------
        D:1 |      34 |       0 |   0.0 |      17 |       0 |   0.0
        D:2 |      64 |      37 |  36.6 |      16 |       1 |   5.9
        D:3 |      36 |       0 |   0.0 |      15 |       0 |   0.0
        D:4 |      38 |       0 |   0.0 |      14 |       0 |   0.0
        D:5 |     681 |       0 |   0.0 |       9 |       0 |   0.0
            +---------+---------+-------+---------+---------+-------
